 Dungeon Crawl Stone Soup version 0.32-a0-20-ge526923d97 (webtiles) character file.

Game seed: 10910752310498816656

4094 jasper the Toxicologist (level 10, -1/80 HPs)
             Began as an Armataur Alchemist on Jan 17, 2024.
             Was an Initiate of Sif Muna.
             Slain by a manticore (16 damage)
             ... on level 9 of the Dungeon.
             The game lasted 00:11:12 (10060 turns).

jasper the Toxicologist (Armataur Alchemist)       Turns: 10060, Time: 00:11:13

Health: -1/80      AC: 13    Str: 13    XL:     10   Next: 5%
Magic:  6/17       EV:  9    Int: 21    God:    Sif Muna [......]
Gold:   428        SH:  0    Dex: 10    Spells: 2/19 levels left

rFire   + . .        b - +2 morningstar (freeze)
rCold   . . .        (no shield)
rNeg    . . .        p - +0 steam dragon scales
rPois   +            j - +1 helmet
rElec   .            G - +0 cloak {rPois}
rCorr   .            K - +0 pair of gloves
SInv    .            (no barding)
Will    .....        (no amulet)
Stlth   ++           e - +4 ring of protection
HPRegen 0.98/turn    I - ring of protection from fire
MPRegen 0.48/turn

%: roll
@: very slightly contaminated
A: large, deformed body, tough skin 3, armoured tail, roll 2
a: Renounce Religion


You were on level 9 of the Dungeon.
You worshipped Sif Muna.
Sif Muna was noncommittal.
You visited 2 branches of the dungeon, and saw 10 of its levels.
You also visited: Sewer.

You collected 536 gold pieces.
You spent 108 gold pieces at shops.

Inventory:

Hand Weapons
 b - a +2 morningstar of freezing (weapon)
 d - a +0 dagger
 m - a +0 trident
 r - a +1 quarterstaff
Armour
 a - a +0 robe
 j - a +1 helmet (worn)
 p - +0 steam dragon scales (worn)
 y - a +2 kite shield
 G - a +0 cloak of poison resistance (worn)
 K - a +0 pair of gloves (worn)
Jewellery
 e - a +4 ring of protection (left hand)
 s - a ring of poison resistance
 u - a ring of see invisible
 I - a ring of protection from fire (right hand)
Wands
 J - a wand of mindburst (10)
Scrolls
 c - 2 scrolls of noise
 f - 4 scrolls of immolation
 i - 3 scrolls of teleportation
 k - 2 scrolls of revelation
 l - 2 scrolls of vulnerability
 n - 4 scrolls of blinking
 w - 2 scrolls of identify
 x - 3 scrolls of fog
 F - a scroll of enchant armour {unknown}
 H - 2 scrolls of acquirement {unknown}
Potions
 g - a potion of resistance
 h - 3 potions of heal wounds
 o - 3 potions of attraction
 q - a potion of lignification
 t - a potion of degeneration
 v - a potion of experience {unknown}
 z - a potion of haste {unknown}
 A - 2 potions of might {unknown}
 B - 2 potions of enlightenment {unknown}
 C - 3 potions of curing {unknown}
 D - 2 potions of ambrosia {unknown}
 E - a potion of berserk rage {unknown}


   Skills:
 + Level 4.8 Fighting
 - Level 1.3 Dodging
 - Level 2.1 Stealth
 - Level 5.0 Spellcasting
 - Level 0.8 Conjurations
 * Level 5.3 Hexes
 - Level 3.0 Fire Magic
 * Level 9.7 Alchemy


You had 2 spell levels left.
You knew the following spells:

 Your Spells              Type           Power      Damage    Failure   Level
a - Sting                 Conj/Alch      100%       1d9       1%          1
b - Mephitic Cloud        Conj/Alch/Air  20%        N/A       8%          3
c - Olgreb's Toxic Radia  Alch           46%        N/A       1%          4
d - Sticky Flame          Fire/Alch      32%        2d7       8%          4
e - Yara's Violent Unrav  Hex/Alch       18%        3d9       14%         5

Your spell library contained the following spells:

 Spells                   Type           Power      Damage    Failure   Level
 Jinxbite                 Hex            54%        N/A       1%          2
 Mercury Vapours          Alch/Air       50%        N/A       2%          2
 Ensorcelled Hibernation  Hex/Ice        32%        N/A       5%          2
 Freeze                   Ice            20%        1d4       11%         1
 Hailstorm                Conj/Ice       7%         3d5       26%         3
 Frozen Ramparts          Ice            10%        1d2       32%         3
 Passwall                 Erth           5%         N/A       32%         3
 Swiftness                Air            5%         N/A       32%         3
 Enfeeble                 Hex            13%        N/A       100%        7
 Ozocubu's Refrigeration  Ice            2%         4d8       100%        7
 Discord                  Hex            13%        N/A       100%        8


Dungeon Overview and Level Annotations

Branches:
Dungeon (9/15)             Temple (1/1) D:7           Sewer (visited)
   Lair: D:8-11         Orc: D:9-12

Altars:
Ashenzari
Cheibriados
Dithmenos
Elyvilon
Fedhas
Gozag
Hepliaklqana
Kikubaaqudgha
Makhleb
Nemelex Xobeh
Okawaru
Qazlal
Ru
Sif Muna
Trog
Uskayaw
Wu Jian
Xom
Yredelemnul
Zin
The Shining One

Shops:
D:9 [

Annotations:
D:3 3 runed translucent doors, Splishie's ghost, amateur GnWn


Innate Abilities, Weirdness & Mutations

Armour fits poorly on your strangely shaped body.
You have extremely tough skin. (AC +3)
You have a long armoured tail.
You regenerate magic and health when rolling toward enemies. (Rampage Regen)


Message History

The manticore bites you! The manticore closely misses you.
The manticore claws you.
You take 14 damage, and have 32/80 hp.
Casting: Mephitic Cloud (dangerous; 8% risk of failure)
Confirm with . or Enter, or press ? or * to list all spells.
Aiming: Sting (safe; 1% risk of failure)
Press: ? - help, Shift-Dir - straight line, f/p - manticore
Aim: a manticore (moderately wounded, poisoned, 87% to hit)
The sting hits the manticore!
The manticore looks even sicker.
The manticore is heavily wounded.
The manticore closely misses you. The manticore claws you.
The manticore claws you but does no damage.
You take 4 damage, and have 28/80 hp.
Casting: Sting (safe; 1% risk of failure)
Confirm with . or Enter, or press ? or * to list all spells.
Aiming: Sticky Flame (dangerous; 8% risk of failure)
Press: ? - help, Shift-Dir - straight line, f/p - manticore
Aim: a manticore (heavily wounded, very poisoned)
You miscast Sticky Flame.
You are very lightly contaminated with residual magic.
Nothing appears to happen.
The manticore bites you but does no damage.
The manticore claws you.
The manticore claws you but does no damage.
You take 2 damage, and have 26/80 hp.
You now have 9/17 mp.
You hit the manticore. You freeze the manticore. You tail-slap the manticore.
The manticore is severely wounded.
The manticore bites you!
* * * LOW HITPOINT WARNING * * *
The manticore claws you but does no damage. x2
You take 12 damage, and have 14/80 hp.
Casting: Sticky Flame (dangerous; 8% risk of failure)
Confirm with . or Enter, or press ? or * to list all spells.
Aiming: Sticky Flame (dangerous; 8% risk of failure)
Press: ? - help, Shift-Dir - straight line, f/p - manticore
Aim: a manticore (severely wounded, very poisoned)
The sticky flame hits the manticore.
The manticore is almost dead.
The manticore burns!
The manticore bites you!
You die...

.......... #....).......
.......... #............
.......... #............
...... #............ ..#
..##...###.##..
..####+###..####'###.####
..%.........#...........
............#...........
............#...@.......
..##....#######.H##..##.
..##....###.###°.# ###
.)#..........#...○
..#..........+....
..#..........#....#
..#..........#....#
+######..##########
.###.##..##..###


You could see a manticore (burning, very poisoned).

Vanquished Creatures
  Maggie (D:7)
  A troll (D:9)
  2 wyverns
  A shadow (D:9)
  3 steam dragons
  Menkaure (D:6)
  Pargi (Sewer)
  A water moccasin (D:5)
  2 sky beasts (D:7)
  2 ice beasts
  An ogre (D:6)
  3 centaurs
  2 kobold brigands (D:7)
  2 brain worms (Sewer)
  5 bullfrogs
  A gnoll sergeant (D:7)
  A scorpion (D:7)
  4 wights (D:6)
  2 bombardier beetles
  A jelly (D:7)
  Crazy Yiuf (D:7)
  2 orc priests
  2 hounds
  8 iguanas
  5 orc wizards
  5 gnolls (D:7)
  10 adders
  A shadow imp (D:7)
  2 white imps
  3 dart slugs
  21 orcs
  9 bats
  5 endoplasms
  2 giant cockroaches (D:4)
  6 goblins
  9 hobgoblins
  19 kobolds
  10 quokkas
  10 ball pythons
  10 frilled lizards
  5 rats
182 creatures vanquished.

Notes
Turn   | Place    | Note
-------+----------+-------------------------------------------
     0 | D:1      | jasper the Armataur Alchemist began the quest for the Orb.
     0 | D:1      | Reached XP level 1. HP: 14/14 MP: 3/3
   162 | D:1      | Reached skill level 3 in Alchemy
   162 | D:1      | Reached XP level 2. HP: 20/20 MP: 1/5
   803 | D:1      | Reached XP level 3. HP: 26/26 MP: 2/6
   807 | D:1      | Learned a level 3 spell: Mephitic Cloud
  1343 | D:2      | Reached XP level 4. HP: 23/33 MP: 0/8
  2060 | D:3      | Learned a level 4 spell: Olgreb's Toxic Radiance
  2155 | D:3      | Reached skill level 4 in Alchemy
  2264 | D:3      | Reached XP level 5. HP: 32/38 MP: 0/10
  2642 | D:3      | Found a runed translucent gate.
  2647 | D:3      | Found a runed translucent gate.
  2648 | D:3      | Found a runed translucent gate.
  2649 | D:3      | Noticed Splishie's ghost (amateur GnWn)
  3009 | D:4      | Found a sparkling altar of Nemelex Xobeh.
  3335 | D:4      | Found a glowing drain.
  3359 | Sewer    | Entered a sewer
  3620 | Sewer    | Noticed Pargi
  3638 | Sewer    | Killed Pargi
  3639 | Sewer    | Reached skill level 5 in Alchemy
  3639 | Sewer    | Reached XP level 6. HP: 17/45 MP: 1/12
  4279 | D:4      | Learned a level 4 spell: Sticky Flame
  4475 | D:5      | Entered Level 5 of the Dungeon
  4689 | D:5      | Gained mutation: You regenerate magic and health when
                  | rolling toward enemies. (Rampage Regen) [Armataur growth]
  4689 | D:5      | Reached XP level 7. HP: 46/50 MP: 4/13
  4810 | D:5      | Reached skill level 1 in Fire Magic
  4810 | D:5      | Reached skill level 6 in Alchemy
  6007 | D:6      | Found a white marble altar of Elyvilon.
  6182 | D:6      | Reached skill level 7 in Alchemy
  6219 | D:6      | Reached XP level 8. HP: 57/57 MP: 8/14
  6307 | D:6      | Reached skill level 8 in Alchemy
  6589 | D:6      | HP: 2/58 [steam dragon (4)]
  6592 | D:6      | Reached skill level 1 in Fighting
  6687 | D:6      | Found a burning altar of Makhleb.
  6695 | D:6      | Noticed Menkaure
  6696 | D:6      | Found a snail-covered altar of Cheibriados.
  6700 | D:6      | Killed Menkaure
  6748 | D:6      | Reached skill level 5 in Spellcasting
  6760 | D:6      | Learned a level 5 spell: Yara's Violent Unravelling
  7039 | D:6      | Reached skill level 1 in Hexes
  7182 | D:6      | Found a hide-covered altar of Uskayaw.
  7357 | D:7      | Noticed Maggie
  7375 | D:7      | Killed Maggie
  7376 | D:7      | Reached XP level 9. HP: 53/70 MP: 6/16
  8142 | D:7      | Found a staircase to the Ecumenical Temple.
  8152 | Temple   | Entered the Ecumenical Temple
  8161 | Temple   | Became a worshipper of Sif Muna the Loreminder
  8253 | D:7      | Reached skill level 9 in Alchemy
  8769 | D:7      | Found a runed translucent door.
  8770 | D:7      | Noticed Crazy Yiuf
  8778 | D:7      | Killed Crazy Yiuf
  9691 | D:9      | Reached skill level 5 in Hexes
  9768 | D:9      | Found Yrrynotu's Antique Armour Emporium.
  9774 | D:9      | Bought a pair of gloves for 108 gold pieces
  9866 | D:9      | Noticed a troll
  9875 | D:9      | Killed a troll
  9876 | D:9      | Reached XP level 10. HP: 52/80 MP: 8/17
 10049 | D:9      | Noticed a manticore
 10060 | D:9      | Slain by a manticore

Illustrated notes

Levels and vault maps discovered:
D:1:      tarquinn_simple_flora_water_b, layout_loops_ring
D:2:      layout_basic
D:3:      layout_basic, gammafunk_ghost_nasty_kobolds
D:4:      layout_loops_corners, mainiacjoe_overflow_paths, gup_sewer_entry_glass
D:5:      layout_layer_cave
D:6:      layout_basic, mainiacjoe_overflow_alcove_1,
          mainiacjoe_overflow_concentric_impassable, minitemple, corexii_shack,
          serial_library_hellmonk_room_a, uniq_menkaure
D:7:      layout_basic, temple_hall, uniq_maggie, uniq_crazy_yiuf_cottage
D:8:      layout_layer_cave
D:9:      wander_river, layout_gridville, serial_shops, nicolae_diamond_shop
Temple:   nicolae_temple_superstar

Skill      XL: |  1  2  3  4  5  6  7  8  9 |
---------------+----------------------------+-----
Spellcasting   | 2 3 4 5 |  5.0
Alchemy        | 3 4 5 7 8 9 |  9.7
Fire Magic     | 3 |  3.0
Fighting       | 3 4 |  4.8
Hexes          | 2 5 |  5.3
Dodging        | |  1.3
Stealth        | |  2.1
Conjurations   | |  0.8

Action                     |  1- 3 |  4- 6 |  7- 9 | 10-12 || total
---------------------------+-------+-------+-------+-------++-------
  Melee: Dagger            |    13 |       |       |       ||    13
         Trident           |     2 |     8 |       |       ||    10
         Quarterstaff      |       |    12 |    19 |       ||    31
         Tailslap          |       |     1 |    23 |     4 ||    28
         Morningstar       |       |       |    98 |    10 ||   108
   Cast: Sting             |    64 |   139 |    21 |     1 ||   225
         Sticky Flame      |       |     1 |    12 |     1 ||    14
         Olgreb's Toxic Ra |       |       |    43 |     4 ||    47
         Mephitic Cloud    |       |       |     2 |     1 ||     3
    Use: Scroll            |       |       |    15 |       ||    15
         Potion            |       |       |     2 |       ||     2
   Stab: Confused          |       |       |     1 |       ||     1
         Sleeping          |       |       |     2 |       ||     2
 Armour: Robe              |    32 |    64 |    44 |       ||   140
         Steam dragon scal |       |       |   102 |    31 ||   133
  Dodge: Dodged            |    16 |    44 |    71 |     8 ||   139

Table legend: (Time is in decaauts)
 A = Elapsed time spent in this place.
 B = Non-inter-level travel time spent in this place.
 C = Inter-level travel time spent in this place.
 D = Time resting spent in this place.
 E = Time spent auto-exploring this place.
 F = Levels seen in this place.
 G = Mean time per level.
                   A        B        C        D        E       F      G
               +--------+--------+--------+--------+--------+-----+--------+
         Total |  10120 |   9839 |    281 |    103 |   8502 |  11 |  920.0 |
       Dungeon |   9640 |   9375 |    265 |     12 |   8227 |   9 | 1071.1 |
        Temple |     18 |      2 |     16 |      0 |      0 |   1 |   18.0 |
         Sewer |    460 |    460 |      0 |     91 |    275 |   1 |  460.0 |
               +--------+--------+--------+--------+--------+-----+--------+

Top non-repeatable levels by time:
     D:7: 1610 daAuts
     D:5: 1480 daAuts
     D:6: 1311 daAuts
     D:4: 1120 daAuts
     D:1: 1037 daAuts
     D:2: 947 daAuts
     D:3: 912 daAuts
     D:9: 692 daAuts
     D:8: 528 daAuts
   Sewer: 460 daAuts
  Temple: 18 daAuts
